[Event "*** Titled Tuesday Blitz"]
[Site "Chess.com"]
[Date "2018.07.03"]
[Round "9"]
[White "David_Paravyan"]
[Black "Zaven_ChessMood"]
[Result "1-0"]
[WhiteElo "2736"]
[BlackElo "2852"]
[TimeControl "180+2"]
[EndTime "15:00:38 PDT"]
[Termination "David_Paravyan won by checkmate"]

1. e4 g6 2. d4 Bg7 3. Nf3 d6 4. c3 a6 5. Bd3 Nf6 6. O-O O-O 7. Re1 Nfd7 8. Bg5 h6 9. Bh4 b5 10. a4 bxa4 11. Rxa4 Bb7 12. Nbd2 c5 13. Nc4 cxd4 14.
cxd4 g5 15. Bg3 Nc6 16. d5 Na7 17. Na5 Nc5 18. Nxb7 Nxb7 19. Rxa6 Nc5 20. Ra2 Qb6 21. Bb1 Nb5 22. Rxa8 Rxa8 23. e5 Qa5 24. h3 Qb4 25. Qe2 Nd4 26. Nxd4 Qxd4 27. exd6 exd6 28. Bxd6 Qxd5 29.
Rd1 Bd4 30. Bg3 Rd8 31. Kh2 Ne6 32. b4 Nf4 33. Qe4 Qxe4 34. Bxe4 Kf8 35. b5 Ke7 36. Bf3 f5 37. Rc1 Ne6 38. Bc7 Nxc7 39. Rxc7+ Kf6 40.
Rc6+ Ke5 41. Rc2 Bb6 42. g3 Rd3 43. Kg2 Rb3 44. Bc6 h5 45. Re2+ Kd6 46. h4 gxh4 47.
gxh4 Rb4 48. Kh3 Rb3+ 49. Kg2 Rb4 50. Rd2+ Ke5 51. Re2+ Kf4 52. Bf3 Rxb5 53. Bxh5 Bd8 54. Be8 Rb8 55. h5 Bg5 56. Bg6 Bh6 57. Re3 Rb5 58.
Re6 Re5 59. Ra6 Bf8 60. Ra4+ Re4 61. Ra5 Re5 62. Ra4+ Re4 63. Ra8 Bc5 64. Ra5 Rc4 65. h6 Rc2 66. h7 Rxf2+ 67. Kh3 Rf3+ 68. Kg2 Rf2+ 69. Kg1 Bd4 70. Ra4 Rd2+ 71. Rxd4+ Rxd4 72. h8=Q Re4 73. Kf2 Kg5 74. Qh5+ Kf6 75. Qxf5+ Kg7 76. Qxe4 Kh6 77. Kg3 Kg5 78. Qf5+ Kh6 79. Kg4 Kg7 80.
Qf7+ Kh8 81. Qh7# 1-0

[Event "*** Titled Tuesday Blitz"]
[Site "Chess.com"]
[Date "2018.07.03"]
[Round "9"]
[White "bugsbunny444"]
[Black "Mimsychess"]
[Result "1/2-1/2"]
[WhiteElo "2384"]
[BlackElo "2284"]
[TimeControl "180+2"]
[EndTime "15:00:43 PDT"]
[Termination "Game drawn by stalemate"]

1. Nf3 d5 2. c4 c6 3. g3 Nf6 4. Bg2 Bg4 5. Ne5 Be6 6. cxd5 Bxd5 7. Nf3 Nbd7 8. Nc3 Be6 9. Ng5 Bg4 10. Qb3 e6 11.
Qxb7 Be7 12. Qxc6 Rc8 13. Qa4 O-O 14. O-O h6 15. Nge4 Nxe4 16. Qxe4 Bf5 17. Qa4 Nc5 18. Qxa7 Bf6 19. d3 Bd4 20. Be3 Bxe3 21. fxe3 Qg5 22. e4 Qe3+ 23. Kh1 Bg4 24. b4 Qd4 25. bxc5 Qxc3 26. Rac1 Qb2 27. Bf3 Bh3 28. Rfd1 Ra8 29. Qb6 Qd4 30. Qd6 Qf2 31. c6 Rxa2 32. Qc5 Rxe2 33.
Qxf2 Rxf2 34. c7 Rc8 35. Bh5 g6 36. d4 gxh5 37. d5 exd5 38. exd5 Bg4 39. d6 Bd7 40. Kg1 Rf6 41. Rb1 Re6 42. Rb8 Ree8 43. Rb4 Kg7 44. Rbd4 Re2 45. R4d2 Rxd2 46. Rxd2 Kf6 47. Re2 Be6 48.
Rd2 Bd7 49. Re2 Ra8 50. Re7 Bf5 51. Kf2 Ra6 52. d7 Ra2+ 53. Ke3 Bxd7 54. Rxd7 Rc2 55. Kd3 Rc1 56. Kd2 Rc5 57. Kd3 Ke6 58. Rd4 Rxc7 59. Rh4 Rc5 60. Kd4 Re5 61. Kd3 Kf6 62. Kd4 Rf5 63.
Ke4 Ra5 64. Kf3 Kg5 65. Kg2 Ra2+ 66. Kh3 Rb2 67. Ra4 Rb5 68. Ra7 Kg6 69. Ra6+ f6 70.
Kh4 Rb2 71. Kh3 Kg5 72. Ra8 Kg6 73. Rg8+ Kf7 74. Rh8 Kg7 75. Rc8 f5 76. Rc6 Kh7 77.
Rf6 Rf2 78. Ra6 Kg7 79. Rb6 Re2 80. Ra6 Re7 81. Rb6 Rf7 82. Kh4 f4 83. gxf4 Rxf4+ 84. Kxh5 Rf5+ 85. Kg4 Rf7 86. h4 Rf6 87. Rxf6 Kxf6 88.
Kf4 Kf7 89. Kf5 Kg8 90. Kg6 Kh8 91. Kxh6 Kg8 92. Kg6 Kh8 93. h5 Kg8 94. h6 Kh8 95. h7 1/2-1/2

[Event "*** Titled Tuesday Blitz"]
[Site "Chess.com"]
[Date "2018.07.03"]
[Round "9"]
[White "GameOverBro"]
[Black "Kaphrep"]
[Result "0-1"]
[WhiteElo "2435"]
[BlackElo "2647"]
[TimeControl "180+2"]
[EndTime "15:00:46 PDT"]
[Termination "Kaphrep won by resignation"]

1. e4 g6 2. g3 Bg7 3. Bg2 c6 4. Nc3 d6 5. h3 f5 6. d4 Nh6 7. Nge2 O-O 8. O-O Na6 9. f4 fxe4 10. Nxe4 Nf7 11. Kh2 Bf5 12. g4 Bd7 13. N2g3 e5 14.
dxe5 dxe5 15. f5 gxf5 16. gxf5 Be8 17. f6 Qxd1 18. Rxd1 Bh6 19. Nf5 Bxc1 20. Raxc1 Kh8 21. Rd2 Nc7 22. Rcd1 Ne6 23. Bf3 Nfg5 24. Nxg5 Nxg5 25. Bg2 Bg6 26. Nd6 Rab8 27. Rf1 Rbd8 28. h4 Ne6 29. c3 Nf4 30. Be4 Rxd6 31. Rxd6 Bxe4 32. Rg1 Nh5 33. f7 Bg6 34. Re1 e4 35. Rd7 Rxf7 36. Rxf7 Bxf7 37. Rxe4 Bxa2 38. Re8+ Kg7 39. Re7+ Kg6 40. Rxb7 a5 41. Ra7 Nf6 42. Rxa5 Bd5 43. Kg3 Nh5+ 44. Kg4 Ng7 45. b4 h5+ 46. Kh3 Ne6 47. b5 cxb5 48. Rxb5 Bc4 49.
Rb6 Kf5 50. Rc6 Bf1+ 51. Kg3 Bd3 52. Rd6 Bc4 53. Rc6 Bd5 54. Rc8 Bb3 55. c4 Ke5 56. Rh8 Bd1 57. Re8 Kd6 58. c5+ Nxc5 59. Rd8+ Nd7 60.
Kf4 Ke7 61. Ra8 Nc5 62. Kg5 Ne6+ 63. Kh6 Kf6 64. Ra5 Nf4 65. Rg5 Bg4 66. Rg8 Ng2 67.
Rf8+ Ke5 68. Kg5 Kd4 69. Re8 Kd3 70. Rh8 Ne1 71. Rxh5 Bxh5 72. Kxh5 Ke4 73. Kg4 Nf3 74. h5 Ne5+ 75. Kg5 Kd5 76. Kf6 Ng4+ 77. Kg6 Ke6 78. Kg5 Ne5 79. Kh6 Kf6 80. Kh7 Kf7 81. h6 Nf3 82. Kh8 Nh4 83. Kh7 Nf3 84. Kh8 Ne5 85.
Kh7 Nd7 86. Kh8 Nf8 0-1

[Event "*** Titled Tuesday Blitz"]
[Site "Chess.com"]
[Date "2018.07.03"]
[Round "9"]
[White "chessking2151"]
[Black "murmah2003"]
[Result "1-0"]
[WhiteElo "2493"]
[BlackElo "2598"]
[TimeControl "180+2"]
[EndTime "15:01:05 PDT"]
[Termination "chessking2151 won by resignation"]

1. e4 g6 2. d4 Bg7 3. Nf3 d6 4. Nc3 Nf6 5. Be2 O-O 6. O-O c6 7. Bf4 Bg4 8. h3 Bxf3 9. Bxf3 Nbd7 10. e5 Ne8 11. Re1 dxe5 12. dxe5 Nc7 13. Bg4 Nb6 14.
Qe2 Qd4 15. Bg3 Rad8 16. Rad1 Qb4 17. Rxd8 Rxd8 18. e6 Nxe6 19. Bxe6 fxe6 20. Qxe6+ Kh8 21. Qxe7 Qxe7 22. Rxe7 Bxc3 23. bxc3 Rd7 24. Rxd7 Nxd7 25. Kf1 Kg7 26. Ke2 Kf6 27. Kd3 Ke6 28. Kd4 a6 29. a4 c5+ 30. Kc4 Nb6+ 31. Kxc5 Nxa4+ 32. Kb4 Nb6 33. c4 Kd7 34. Be5 Kc6 35. Bd4 Nc8 36. f4 h5 37. g4 hxg4 38. hxg4 Nd6 39. Be5 Nf7 40. Bd4 Nh6 41. f5 gxf5 42. g5 Ng8 43. g6 f4 44. g7 f3 45. Ka5 Nh6 46. c3 Ng8 47. Kb4 Nh6 48. Kb3 Ng8 49. Kc2 Ne7 50. Kd3 a5 51. Kc2 Ng8 52. Kb3 Ne7 53. c5 Kb5 54. c4+ Kc6 55. Ka4 Kd7 56. Kxa5 Kc6 57. Kb4 Kd7 58. Kb5 Kc7 59. Be5+ Kc8 60. Bg3 Kd7 61. Kb6 Kc8 62. Bd6 Ng8 63. Bg3 Ne7 64. Bf2 Kb8 65. Be3 Kc8 66. Bg5 Ng8 67. Bh4 Kb8 68. c6 bxc6 69. Kxc6 Kc8 70. Kd6 Nh6 71.
Ke6 Kc7 72. Kd5 Kd7 73. c5 Kc7 74. Bg3+ Kd7 75. c6+ Ke7 76. Bf2 Ng8 77. Bd4 Kf7 78.
Kd6 Ne7 79. c7 Nc8+ 80. Kd7 Ne7 81. g8=Q+ Nxg8 82. c8=Q Nf6+ 83. Kc6 f2 84. Qf5 f1=Q 85. Qxf1 Ke8 86. Bxf6 1-0

[Event "*** Titled Tuesday Blitz"]
[Site "Chess.com"]
[Date "2018.07.03"]
[Round "9"]
[White "FairChess_on_YouTube"]
[Black "penguingm1"]
[Result "1/2-1/2"]
[WhiteElo "2920"]
[BlackElo "2786"]
[TimeControl "180+2"]
[EndTime "15:01:40 PDT"]
[Termination "Game drawn by agreement"]

1. d4 d5 2. Nf3 Nf6 3. c4 e6 4.
Nc3 Be7 5. Bf4 O-O 6. a3 b6 7.
e3 Bb7 8. Qc2 c5 9. Rd1 Nbd7 10.
cxd5 Nxd5 11. Nxd5 exd5 12. Bd3 Nf6 13. dxc5 bxc5 14.
O-O Qb6 15. Be5 h6 16. b4 cxb4 17. Bd4 Qd8 18. Nh4 Bc8 19. Bf5 bxa3 20. e4 Be6 21.
Bxe6 fxe6 22. Ng6 Re8 23. exd5 Nxd5 24. Rfe1 Bf6 25. Qa4 Bxd4 26. Rxd4 Qf6 27. Rxd5 Qxg6 28. Ra5 Qf7 29. Qxa3 Re7 30. h3 Rf8 31. Qe3 e5 32.
Rea1 Ra8 33. Rxe5 Rxe5 34. Qxe5 Re8 35. Qd4 Re7 36. Qd3 Qf6 37. Rb1 Qe5 38. g3 Qe4 39. Qb3+ Kh7 40. Ra1 Qf5 41. Qc4 Rf7 42. Qd4 Qxh3 43. Rxa7 Rxa7 44. Qxa7 Qf5 45. Qe3 Qb1+ 46. Kg2 Qf5 47. f3 Qc2+ 48. Kh3 Qb1 49. g4 Qb5 50. Qe4+ Kg8 51. Kg3 Qb6 52. Qd5+ Kf8 53. Kf4 Qf6+ 54. Ke4 Qg6+ 55. Ke3 Qf6 56. Ke4 Qg6+ 57.
Kd4 Qf6+ 58. Ke3 Qe7+ 59. Kf2 Qh4+ 60. Kg2 Qe1 61. Qf5+ Kg8 62. Qc8+ Kh7 63. Qc2+ Kh8 64. Qd3 Kg8 65. f4 Qh4 66. Qd5+ Kh8 67. Qa8+ Kh7 68. Qe4+ Kh8 69. f5 Qf6 70. Kf3 Qc3+ 71. Kf4 Qc7+ 72.
Qe5 Qc4+ 73. Kg3 Qd3+ 74. Kh4 Qd8+ 75. Kh3 Qd3+ 76. Kg2 Qd2+ 77. Kf3 Qd3+ 78. Qe3 Qd5+ 79. Kg3 Qd6+ 80. Kh3 Qc6 81. Kg3 Qd6+ 82. Kh3 Qc6 83. Kh2 Qd6+ 84. Kg2 Qc6+ 85. Qf3 Qd6 86. Qa8+ Kh7 87.
Qe4 Kh8 88. Qe8+ Kh7 89. Qe4 Kh8 90. Kf3 Qf6 91. Qe8+ Kh7 92. Qe4 Qc3+ 93. Kf4 Qc7+ 94. Qe5 Qc4+ 95. Qe4 Qc7+ 96. Kf3 Qc3+ 97. Kg2 Qd2+ 98.
Kg3 Qc3+ 99. Kh2 Qd2+ 100. Kh3 Qc3+ 101. Kg2 Qd2+ 102. Kf3 Qc3+ 103. Ke2 Qb2+ 104. Kd3 Qb1+ 105. Kd4 Qb4+ 106. Ke3 Qc3+ 1/2-1/2

[Event "*** Titled Tuesday Blitz"]
[Site "Chess.com"]
[Date "2018.07.03"]
[Round "9"]
[White "Mikhail_Golubev"]
[Black "champ2005"]
[Result "1/2-1/2"]
[WhiteElo "2419"]
[BlackElo "2685"]
[TimeControl "180+2"]
[EndTime "15:01:52 PDT"]
[Termination "Game drawn by agreement"]

1. e4 c6 2. d4 d5 3. Nc3 dxe4 4. Nxe4 Bf5 5. Ng3 Bg6 6. c3 Nf6 7. N1e2 e6 8. Nf4 Bd6 9. Qf3 Nbd7 10. Nxg6 hxg6 11. Bf4 Bxf4 12. Qxf4 Nb6 13. O-O-O Nbd5 14. Qf3 Qc7 15. c4 Ne7 16. Bd3 O-O-O 17. Bc2 Nf5 18. Nxf5 gxf5 19. h3 Rh4 20. Qe3 Qd7 21. Qg5 Rhh8 22.
Qxg7 Qe7 23. Qg3 Ne4 24. Bxe4 fxe4 25. Qe3 Rhg8 26. g4 f5 27. gxf5 exf5 28. Rhg1 Rgf8 29. d5 cxd5 30. cxd5 Kb8 31. Qf4+ Ka8 32. d6 Qe6 33.
Kb1 Rd7 34. Rg5 a6 35. Rh5 Rfd8 36. Qxf5 Qxf5 37. Rxf5 Rxd6 38. Rxd6 Rxd6 39. h4 Re6 40. h5 e3 41. fxe3 Rxe3 42. h6 Rh3 43. Rf6 Rh2 44. a3 a5 45. Ka2 a4 46. Kb1 Ka7 47.
Kc1 Ka8 48. Kd1 Ka7 49. Ke1 Rxb2 50. Kf1 Ra2 51. Kg1 Rxa3 52. Kg2 Re3 53. h7 Re8 54. Rh6 Rh8 55. Kf2 a3 56. Rh3 a2 57.
Ra3+ Kb6 58. Rxa2 Rxh7 59. Ke3 Rd7 60. Rb2+ Kc5 61. Rc2+ Kb4 62. Rb2+ Kc4 63. Rb6 Kc5 64.
Rb1 b5 65. Rc1+ Kb6 66. Rb1 Rd5 67. Ke4 Rd8 68. Ke3 Rd7 69. Ke4 Kc5 70. Rc1+ Kb4 71.
Rb1+ Ka5 72. Ra1+ Kb6 73. Rb1 Rd2 74. Ke3 Rd5 75. Ke4 Kc6 76. Rc1+ Rc5 77. Rb1 Rd5 78.
Rc1+ Kd6 79. Rb1 Kc6 80. Rc1+ Rc5 81. Rb1 Rc3 82. Kd4 Rh3 83. Ra1 Kb6 84. Ra8 Rb3 85. Ra1 Rh3 86. Ra8 Kb7 87. Ra5 Rb3 88. Kc5 b4 89. Rb5+ Kc7 90. Rxb4 Rh3 91. Rc4 Rh5+ 92. Kd4+ Kd6 93. Kc3 Rh3+ 94. Kb4 Rh1 95. Rc8 Rb1+ 96.
Ka3 Ra1+ 97. Kb2 Ra7 98. Kb1 Rb7+ 99. Ka1 Kd5 100. Ka2 Kd6 101. Ka1 Kd7 102. Rc1 1/2-1/2

[Event "*** Titled Tuesday Blitz"]
[Site "Chess.com"]
[Date "2018.07.03"]
[Round "9"]
[White "gmcorrales"]
[Black "Dr_Mortimer"]
[Result "1/2-1/2"]
[WhiteElo "2678"]
[BlackElo "2813"]
[TimeControl "180+2"]
[EndTime "15:03:19 PDT"]
[Termination "Game drawn by repetition"]

1. e4 c5 2. Nf3 d6 3. d4 cxd4 4. Nxd4 Nf6 5. Nc3 Nc6 6. Bg5 e6 7. Qd2 a6 8. O-O-O Be7 9. f4 Bd7 10. Nxc6 Bxc6 11. Qe1 Qc7 12. Bd3 O-O-O 13. Kb1 Kb8 14.
Rf1 Rhe8 15. h3 h6 16. Bh4 Nd7 17. Bf2 d5 18. exd5 exd5 19. Qd2 Nc5 20. Bd4 Ne6 21. Ne2 Nxd4 22. Nxd4 Bf6 23. Qb4 Ka8 24. g3 Qe7 25. Nxc6 bxc6 26. Qa4 Qb7 27. b3 Ka7 28. Rfe1 Qb6 29. g4 a5 30. a3 Bc3 31. Rxe8 Rxe8 32.
Ka2 Kb7 33. g5 Kc7 34. h4 Qc5 35. f5 Qd6 36. Qg4 hxg5 37. hxg5 Qc5 38. f6 gxf6 39. gxf6 Be5 40. Qg5 Qc3 41. Rb1 Bxf6 42. Qf4+ Qe5 43.
Qd2 Qc3 44. Qf4+ Qe5 45. Qd2 Ra8 46. a4 Qd4 47. Qh2+ Be5 48. Qh7 Rf8 49. Qh6 Rd8 50.
Qh5 Rd7 51. Bf5 Re7 52. Qg5 Bf6 53. Qg3+ Qe5 54. Qf3 Qc3 55. Bd3 Be5 56. Qf2 Kb7 57. Qh4 Bd6 58. Qh6 Qb4 59. Qc1 Re1 60. Qb2 Be5 61. c3 Qxc3 62. Qxc3 Bxc3 63. Rxe1 Bxe1 64.
Kb1 Kb6 65. Kc2 Kc5 66. Bf5 Bb4 67. Kd3 Kd6 68. Ke3 Ke5 69. Bd3 f5 70. Be2 f4+ 71. Kd3 Kd6 72. Bf3 Ba3 73. Kc3 Bc5 74. Bg2 Bf2 75. Bf3 Kc5 76. Bg2 Be1+ 77. Kd3 Kb4 78. Kc2 Kc5 79. Kd3 Bb4 80. Bf3 Be1 81. Bg2 Bh4 82. Bf3 Bf6 83. Bg2 Kb4 84. Kc2 Be5 85.
Bf3 Kc5 86. Kd3 Kd6 87. Bg2 Ke7 88. Bf3 Kf6 89. Bg4 Ke7 90. Bf3 Bc7 91. Bg4 Bb6 92.
Bf3 Kd6 93. Bg4 Ke7 94. Bf3 Kf6 95. Bg4 Ke5 96. Bf3 Kf5 97. Ke2 Kg5 98. Bh1 Kg4 99.
Bf3+ Kg3 100. Bh1 Bc5 101. Bf3 Kh2 102. Kf1 Bb4 103. Kf2 Bc3 104. Bg4 Be5 105. Be6 Bd6 106. Bf5 Kh1 107. Be6 Kh2 108. Bf5 Be5 109. Bd7 c5 110.
Be6 d4 111. Bf5 Bf6 112. Kf3 Bg5 113. Kf2 Bh4+ 114. Kf3 Bg3 115. Bd3 Kg1 116. Be2 Bh2 117. Bc4 Bg3 118. Be2 Kh2 119. Bf1 Kh1 120. Bc4 Kg1 121. Bd3 Kh2 122. Bf1 Kg1 123. Bd3 Bh2 124. Be2 Bg3 125. Bd3 1/2-1/2

[Event "*** Titled Tuesday Blitz"]
[Site "Chess.com"]
[Date "2018.07.03"]
[Round "9"]
[White "nurmiTV"]
[Black "WPWPWP-2015"]
[Result "1-0"]
[WhiteElo "2497"]
[BlackElo "2384"]
[TimeControl "180+2"]
[EndTime "15:04:37 PDT"]
[Termination "nurmiTV won on time"]

1. c4 Nf6 2. Nc3 e5 3. g3 d5 4. cxd5 Nxd5 5. Bg2 Nb6 6. Nf3 Nc6 7. O-O Be7 8. a3 O-O 9. d3 Be6 10. b4 a5 11. b5 Nd4 12. Nd2 Qc8 13. e3 Nf5 14. Bb2 Rd8 15. Qc2 a4 16. Nce4 Bd5 17. Bxe5 Qe6 18.
Bb2 Rac8 19. Rac1 Bb3 20. Nxb3 axb3 21. Qe2 Na4 22. d4 Re8 23. Nc5 Bxc5 24. dxc5 c6 25.
bxc6 bxc6 26. Rfd1 Red8 27. Ba1 Rb8 28. Rxd8+ Rxd8 29. Rb1 Nxc5 30. Bh3 Qe4 31. Rf1 Nd3 32. Bc3 c5 33. Bg2 Qe6 34. Qg4 c4 35. Rb1 h5 36.
Qxh5 Nxe3 37. Qg5 f6 38. Qxe3 Qf5 39. Be4 Qh5 40. Bd4 Ne5 41. Bxe5 Qxe5 42. h4 Re8 43. Bc6 Qxe3 44. fxe3 Rd8 45. Bb5 Rc8 46. Kf2 Kf7 47. Ke2 Ke6 48. e4 Ke5 49. Ke3 Rc5 50. Bxc4 Rxc4 51.
Rxb3 Rxe4+ 52. Kf3 Ra4 53. g4 g6 54. Re3+ Kd6 55.
Kg3 Ra5 56. Rb3 Ke6 57. Rb6+ Kf7 58. Rb3 Ra4 59. Kh3 Kg7 60. Rg3 Kh6 61. Kg2 Kg7 62. Kf2 Kf7 63. Ke2 Ra8 64. Kd2 Ke6 65. Kc2 Ke5 66. Rf3 Ra4 67. g5 f5 68. Rh3 Kf4 69.
Kb3 Ra8 70. a4 Kg4 71. Rh1 f4 72. Kb4 f3 73. Kb5 Kg3 74. a5 Kg2 75. Ra1 f2 76. a6 Rb8+ 77. Kc6 Re8 78. a7 Kg3 79. Rh1 Re1 80.
a8=Q Rxh1 81. Qb8+ Kg2 82. Qb2 Rxh4 83. Kd5 Rf4 84.
Ke5 Rf5+ 85. Ke4 Kg1 86. Qb6 Kh1 87. Qxg6 Rf4+ 88. Kxf4 f1=Q+ 89. Ke5 Qb5+ 90. Ke6 Qc6+ 91. Kf7 Qd7+ 92. Kg8 Qd8+ 93. Kh7 Qe7+ 94. Qg7 Qe4+ 95.
g6 Kg2 96. Qf7 Qh4+ 97. Kg8 Qd8+ 98. Qf8 Qd5+ 99. Kh7 Qe4 100. Qf6 Kh1 101. Kg8 Qa8+ 102. Kh7 Qe4 103. Kg7 Qd3 104. Kg8 Qd5+ 105. Qf7 Qd8+ 106. Kg7 Qd4+ 107. Qf6 Qd5 108. Qh4+ Kg1 109. Qg4+ Kh1 110. Kh6 Qd2+ 111. Qg5 Qd6 112. Qh5+ Kg1 113. Qg4+ Kh1 114. Kh7 Qd3 115. Qh5+ Kg1 116. Qe5 Qh3+ 117. Kg7 Qd7+ 118. Kh6 Qh3+ 119. Kg5 Qg2+ 120. Kf6 Qc6+ 121. Qe6 Qc3+ 122. Kg5 Qd2+ 123. Kh5 Qh2+ 124. Kg5 Qd2+ 125. Kf6 Qd8+ 126. Kf7 Qc7+ 127. Kg8 Qd8+ 128. Kh7 Qh4+ 129. Kg7 Qd4+ 130. Qf6 Qd7+ 131. Kh8 Qe8+ 132. Kh7 Qe4 133. Qg5+ Kh1 134. Qh5+ Kg1 135. Kh6 Qe6 136. Qf3 Qd6 137. Qe3+ 1-0

[Event "*** Titled Tuesday Blitz"]
[Site "Chess.com"]
[Date "2018.07.03"]
[Round "10"]
[White "LuisFSiles"]
[Black "AndrewDGreen"]
[Result "0-1"]
[WhiteElo "2202"]
[BlackElo "2178"]
[TimeControl "180+2"]
[EndTime "15:07:46 PDT"]
[Termination "AndrewDGreen won by resignation"]

1. d4 Nf6 2. c4 g6 3. Nc3 Bg7 4. e4 d6 5. f4 O-O 6. Nf3 c5 7. d5 e6 8. dxe6 Bxe6 9. Bd3 Bg4 10. O-O Nc6 11. h3 Bxf3 12. Qxf3 Nd4 13. Qf2 Re8 14. f5 Nd7 15. Nd5 Ne5 16. f6 Nxd3 17. Qg3 Ne2+ 0-1

[Event "*** Titled Tuesday Blitz"]
[Site "Chess.com"]
[Date "2018.07.03"]
[Round "10"]
[White "jk13"]
[Black "1b31-0"]
[Result "1-0"]
[WhiteElo "2547"]
[BlackElo "2205"]
[TimeControl "180+2"]
[EndTime "15:08:55 PDT"]
[Termination "jk13 won by resignation"]

1. d4 g6 2. e4 Bg7 3. Nc3 d6 4. Be3 a6 5. a4 b6 6. Bd3 e6 7. f4 Nc6 8. Nf3 Bb7 9. O-O Nge7 10. Kh1 Nb4 11. Qd2 Nxd3 12. cxd3 d5 13. Rad1 Qd7 14. Ne5 Bxe5 15. fxe5 c5 16. Qf2 Ng8 17. dxc5 bxc5 18. Bxc5 h5 19. exd5 Bxd5 20. Nxd5 Qxd5 21. Qxf7+ 1-0

[Event "*** Titled Tuesday Blitz"]
[Site "Chess.com"]
[Date "2018.07.03"]
[Round "10"]
[White "1e41-0"]
[Black "Joel1285"]
[Result "1-0"]
[WhiteElo "2484"]
[BlackElo "1840"]
[TimeControl "180+2"]
[EndTime "15:09:41 PDT"]
[Termination "1e41-0 won by resignation"]

1. d4 Nf6 2. c4 e6 3. Nc3 Bb4 4.
f3 Bxc3+ 5. bxc3 d6 6. e4 e5 7.
Bd3 Nc6 8. Ne2 h6 9. O-O Qe7 10. Ng3 Bd7 11. Rb1 O-O-O 12. Be3 b6 13. Qe2 Na5 14. c5 Rhe8 15. cxd6 Qxd6 16. f4 Bg4 17. Qc2 Nd7 18. fxe5 Nxe5 19. Ba6+ 1-0

[Event "*** Titled Tuesday Blitz"]
[Site "Chess.com"]
[Date "2018.07.03"]
[Round "10"]
[White "Martins-BR"]
[Black "AsaHoffmann"]
[Result "1-0"]
[WhiteElo "2284"]
[BlackElo "2001"]
[TimeControl "180+2"]
[EndTime "15:09:41 PDT"]
[Termination "Martins-BR won by resignation"]

1. e4 d6 2. d4 Nf6 3. Nc3 c6 4. f4 Qa5 5. e5 Nd5 6. Qf3 Bf5 7. Bd2 Nxc3 8. Bxc3 Qd5 9. Qxd5 cxd5 10. O-O-O dxe5 11. dxe5 e6 12. Nf3 Nc6 13. Nd4 Nxd4 14. Bxd4 a6 15. Bd3 Bg6 16. g4 Bxd3 17. Rxd3 h5 18.
g5 Rc8 19. h4 Bc5 20. c3 Bxd4 21. Rxd4 g6 22. Kd2 Ke7 23. Ke3 Rc5 24. Rhd1 Rhc8 25.
R1d3 b5 26. a3 a5 27. Rd2 Rc4 28. R2d3 Rxd4 29. Rxd4 Rc4 30. Rxc4 bxc4 31. Kd4 Kd7 32. Kc5 Kc7 33. Kb5 a4 34. Kxa4 Kc6 35. Kb4 d4 36.
cxd4 Kd5 1-0

[Event "*** Titled Tuesday Blitz"]
[Site "Chess.com"]
[Date "2018.07.03"]
[Round "10"]
[White "Dr-Bassem"]
[Black "W_Amadeus"]
[Result "1-0"]
[WhiteElo "2720"]
[BlackElo "2590"]
[TimeControl "180+2"]
[EndTime "15:09:42 PDT"]
[Termination "Dr-Bassem won by resignation"]

1. e4 e5 2. Nf3 Nc6 3. Bc4 Nf6 4. d3 Be7 5. O-O O-O 6. Re1 d6 7. a4 Kh8 8. a5 a6 9. Nc3 Ng8 10.
h3 f5 11. Nd5 fxe4 12. dxe4 Nf6 13. Ng5 Nxd5 14. Nxh7 Rf4 15. g3 Nf6 16. Nxf6 Rxf6 17.
Qh5+ Rh6 18. Bxh6 1-0

[Event "*** Titled Tuesday Blitz"]
[Site "Chess.com"]
[Date "2018.07.03"]
[Round "10"]
[White "Polish_fighter3000"]
[Black "GM_Huschenbeth"]
[Result "1-0"]
[WhiteElo "2758"]
[BlackElo "2508"]
[TimeControl "180+2"]
[EndTime "15:10:02 PDT"]
[Termination "Polish_fighter3000 won by resignation"]

1. Nf3 c5 2. c4 Nc6 3. Nc3 g6 4.
e3 Nf6 5. d4 cxd4 6. exd4 d5 7.
Bg5 Ne4 8. cxd5 Nxc3 9. bxc3 Qxd5 10. Qb3 Qe4+ 11. Be3 Qf5 12. d5 Nb8 13. Bd4 Qe4+ 14. Be2 f6 15. c4 g5 16. O-O g4 17. Bd3 Qf4 18. Be3 Qd6 19. c5 Qc7 20. Nd4 Bg7 21. d6 exd6 22. Nb5 1-0

[Event "*** Titled Tuesday Blitz"]
[Site "Chess.com"]
[Date "2018.07.03"]
[Round "10"]
[White "Zq1"]
[Black "pultineviciuspaulius"]
[Result "0-1"]
[WhiteElo "2530"]
[BlackElo "2636"]
[TimeControl "180+2"]
[EndTime "15:10:03 PDT"]
[Termination "pultineviciuspaulius won by resignation"]

1. d4 Nf6 2. c4 g6 3. Nc3 d5 4. Nf3 Bg7 5. cxd5 Nxd5 6. Bd2 O-O 7. Rc1 c5 8. dxc5 Na6 9. e3 Nxc5 10. Nxd5 Qxd5 11.
Bc3 Bxc3+ 12. Rxc3 Qxd1+ 13. Kxd1 Ne4 14. Rc2 Be6 15. Nd4 Bxa2 16. b3 e5 17. Ke1 Rac8 18. Bc4 exd4 19. Rxa2 b5 20. f3 bxc4 21. fxe4 cxb3 22.
Ra1 b2 23. Rb1 Rc1+ 24. Kd2 dxe3+ 25. Kxe3 Rxh1 26. Rxh1 a5 0-1

[Event "*** Titled Tuesday Blitz"]
[Site "Chess.com"]
[Date "2018.07.03"]
[Round "10"]
[White "plouarzel"]
[Black "Zaven_ChessMood"]
[Result "1-0"]
[WhiteElo "2503"]
[BlackElo "2831"]
[TimeControl "180+2"]
[EndTime "15:10:06 PDT"]
[Termination "plouarzel won by checkmate"]

1. e4 c5 2. Nf3 d6 3. Bb5+ Nc6 4. Bxc6+ bxc6 5. O-O Nf6 6. Re1 e5 7. c3 c4 8. b3 cxb3 9. axb3 Be7 10. d4 exd4 11.
cxd4 O-O 12. h3 d5 13. e5 Ne4 14. Nbd2 Bb4 15. Re3 Bf5 16. Ba3 a5 17. Bxb4 axb4 18. Rxa8 Qxa8 19. Nh4 Nc3 20. Qe1 Bg6 21. e6 fxe6 22.
Nxg6 hxg6 23. Rxe6 Qa7 24. Nf3 Rxf3 25. gxf3 Qxd4 26.
Rxg6 Qd3 27. Qe6+ Kh7 28. Rg4 Ne2+ 29. Kh2 g6 30. Rh4+ Kg7 31. Qe7+ Kg8 32. Rh7 Qf5 33. Qg7# 1-0

[Event "*** Titled Tuesday Blitz"]
[Site "Chess.com"]
[Date "2018.07.03"]
[Round "10"]
[White "jacky72"]
[Black "BasilSmash"]
[Result "0-1"]
[WhiteElo "2589"]
[BlackElo "2448"]
[TimeControl "180+2"]
[EndTime "15:10:11 PDT"]
[Termination "BasilSmash won by resignation"]

1. d4 d5 2. c4 e6 3. Nc3 Nf6 4. cxd5 exd5 5. Bg5 c6 6. e3 Be7 7. Bd3 Nbd7 8. Nf3 h6 9. Bf4 Nh5 10. Be5 Nxe5 11. Nxe5 Nf6 12. O-O O-O 13. f4 Ne8 14. Qh5 Nd6 15. g4 f6 16. Nf3 Qe8 17. Bg6 Qd7 18. f5 Qc7 19. Kh1 Bd7 20. h4 Ne4 21. Nxe4 dxe4 22. Nd2 Qg3 23. Nxe4 Qxe3 24. Nf2 c5 25. d5 Qf3+ 26. Kg1 Bd6 27. Nh1 Qxd5 28. Rad1 Qe5 29. Rf2 Bc6 30. g5 Qe4 31. Kf1 Qxh1+ 32. Ke2 Qe4+ 33. Kd2 Bf4+ 34. Kc3 Qb4+ 35. Kc2 Be4+ 36.
Rd3 Qc4+ 0-1

[Event "*** Titled Tuesday Blitz"]
[Site "Chess.com"]
[Date "2018.07.03"]
[Round "10"]
[White "GM_dmitrij"]
[Black "MITerryble"]
[Result "0-1"]
[WhiteElo "2792"]
[BlackElo "2720"]
[TimeControl "180+2"]
[EndTime "15:10:17 PDT"]
[Termination "MITerryble won by resignation"]

1. e4 e6 2. d4 d5 3. Nd2 Be7 4. Ngf3 Nf6 5. e5 Nfd7 6. Bd3 c5 7. c3 Nc6 8. O-O g5 9. dxc5 Ndxe5 10. Nxe5 Nxe5 11.
Bb5+ Bd7 12. Bxd7+ Qxd7 13. Nb3 Ng6 14. Qe2 e5 15. Be3 f6 16. Rad1 Rd8 17. Rd2 a6 18. Rfd1 Qe6 19. Na5 Rd7 20. c6 bxc6 21. Qxa6 Rd6 22.
Nb7 Rd7 23. Na5 Rd6 24. Bc5 Rd7 25. Be3 Rd6 26. c4 d4 27. c5 Rd5 28. Nxc6 Rxc5 29.
Nb4 Qxa6 30. Nxa6 dxe3 0-1

[Event "*** Titled Tuesday Blitz"]
[Site "Chess.com"]
[Date "2018.07.03"]
[Round "10"]
[White "ahmadzada13"]
[Black "krzysztofszczurek"]
[Result "1-0"]
[WhiteElo "2497"]
[BlackElo "2381"]
[TimeControl "180+2"]
[EndTime "15:10:18 PDT"]
[Termination "ahmadzada13 won by resignation"]

1. e4 c5 2. Nf3 d6 3. Bb5+ Bd7 4. Bxd7+ Nxd7 5. c3 Ngf6 6. Qe2 g6 7. O-O Bg7 8.
d4 O-O 9. e5 Ne8 10. e6 Ndf6 11. exf7+ Kxf7 12. Ng5+ Kg8 13. Qe6+ Kh8 14. Nf7+ Rxf7 15.
Qxf7 Nc7 16. Qb3 b6 17. Bg5 Qd7 18. Nd2 cxd4 19. cxd4 Qg4 20. Bxf6 Bxf6 21. Nf3 Rf8 22. h3 Qh5 23. Rac1 Ne8 24. Rc8 Kg7 25. Qe6 g5 26. Rfc1 Qg6 27. Rd8 Nc7 28. Rxc7 Rxd8 29. Rxe7+ Kh6 30.
Rf7 Bg7 31. Qg4 Re8 32. h4 1-0

[Event "*** Titled Tuesday Blitz"]
[Site "Chess.com"]
[Date "2018.07.03"]
[Round "10"]
[White "Sordis"]
[Black "Vamostodorecto"]
[Result "0-1"]
[WhiteElo "2254"]
[BlackElo "2359"]
[TimeControl "180+2"]
[EndTime "15:11:11 PDT"]
[Termination "Vamostodorecto won by checkmate"]

1. c4 e5 2. g3 Nc6 3. Bg2 Bc5 4. Nc3 d6 5. e3 a6 6. Nge2 Ba7 7. a3 Nge7 8. b4 h5 9. h4 Be6 10. d3 Qd7 11. Bb2 Nf5 12. Qd2 f6 13. Nd5 Nce7 14.
Nxe7 Qxe7 15. Bxb7 Rb8 16. Bc6+ Kf7 17. Nc3 Rhd8 18.
Bf3 g6 19. Kf1 Bxe3 20. fxe3 Nxg3+ 21. Kg2 Nxh1 22. Rxh1 f5 23. Nd5 Bxd5 24. Bxd5+ Kg7 25. Bc1 Rf8 26. Qf2 Kh7 27. Bd2 Qd7 28. Qf3 e4 29.
dxe4 c6 30. exf5 cxd5 31. fxg6+ Kxg6 32. Qg3+ Kh7 33. e4 dxe4 34. Bg5 Rf3 35. Qe1 Qg4+ 36. Kh2 Rh3# 0-1